Cogmind - Beta 14 @@@ ROGUE MODE // 2024.11.01 @ 23:35:03 Player: weedlord420 Result: Self-destructed Performance ------------- Evolutions (5) 2500 Regions Visited (16) 3200 Robots Destroyed (125) 625 Value Destroyed (9948) 9948 Prototype IDs (28) 560 Alien Tech Used (0) 0 Bonus (8350) 8350 TOTAL SCORE: 25183 Bonus ------- High Alert Combat Kills 1421 Follower Combat Kills 4609 Entered Garrisons 1000 Used RIF Installer 2500 Aligned with FarCom 300 Friendly Fire -1480 Cogmind --------- Core Integrity 647/1000 Matter 89/300 Energy 80/100 System Corruption 0% Temperature Hot (224) Movement Core (50) Location -5/Factory Parts ------- > --- POWER (1) -------- (None) > --- PROPULSION (4) --- (None) > --- UTILITY (9) ------ Hacking Suite Hacking Suite Improved Hacking Suite Relay Coupler [NC] (43) Relay Coupler [Grunt] (16) > --- WEAPON (3) ------- (None) > --- INVENTORY (5) ---- Light Antimatter Reactor Hardened Medium Armor Plating Graphene Brace Relay Coupler [Specialist] (28) Plasma Rifle Peak State ------------ > --- POWER ------------ Light Quantum Reactor > --- PROPULSION ------- Improved Heavy Treads Improved Heavy Treads > --- UTILITY ---------- Lightpack 2.0 Hacking Suite Hacking Suite Hacking Suite System Shield Relay Coupler [Grunt] Relay Coupler [Behemoth] > --- WEAPON ----------- Heavy Gauss Cannon Heavy Gauss Cannon Remote Datajack > --- INVENTORY -------- Light Antimatter Reactor Light Treads Myomer Leg Improved Heat Sink Advanced Heat Sink Advanced Heat Sink Coolant Injector Experimental Targeting Computer Weapon Cycler Improved Weapon Cycler Stasis Canceller Hardened Medium Armor Plating Graphene Brace Hacking Suite Improved Hacking Suite System Shield Relay Coupler [NC] Relay Coupler [NC] Relay Coupler [Swarmer] Relay Coupler [Grunt] Relay Coupler [Demolisher] Relay Coupler [Specialist] Relay Coupler [Hunter] Relay Coupler [Hunter] Relay Coupler [Hunter] Relay Coupler [Heavy] Improved Arc Projector Improved Arc Projector Gatling Laser Plasma Rifle Flak Cannon Heavy Missile Launcher [Rating: 120] Favorites ----------- Power Improved Deuterium Engine Engine Improved Deuterium Engine Power Core Light Fission Core Reactor Light Quantum Reactor Propulsion Armored Treads Treads Armored Treads Leg Improved Carbon-fiber Leg Wheel Compact Wheel Utility Hacking Suite Device Sensor Array Storage Lightpack 2.0 Processor Machine Analyzer Hackware Hacking Suite Protection Hardened Light Armor Plating Weapon Remote Datajack Energy Gun Gatling Laser Energy Cannon Improved EM Pulse Cannon Ballistic Gun Light Assault Rifle Ballistic Cannon Heavy Gauss Cannon Launcher Rocket Launcher Special Weapon Remote Datajack Build | -11 -10 -10 -10 -9 -8 -8 -8 -8 -7 -7 -7 -7 -6 -6 -6 -5 ------- Run | Yrd Mat Min Exi Min Mat Gar Mat Gar Fac Gar Fac Gar Fac Gar Ext Fac Slots Evolved 10 | . . . . . 4 . . . 2 . . . 2 . . 2 Power . | . . . . . . . . . . . . . . . . . Propulsion 2 | . . . . . . . . . . . . . . . . 2 Utility 7 | . . . . . 4 . . . 1 . . . 2 . . . Weapon 1 | . . . . . . . . . 1 . . . . . . . Parts Attached 173 | 7 8 5 . . 17 13 2 23 12 24 7 11 15 15 4 10 Power 15 | 2 1 1 . . . 2 . 3 . 1 1 2 . 2 . . Engine 10 | 2 1 1 . . . 2 . . . 1 1 1 . 1 . . Core 4 | . . . . . . . . 3 . . . 1 . . . . Reactor 1 | . . . . . . . . . . . . . . 1 . . Propulsion 28 | 2 2 2 . . 3 3 . 4 2 7 . . . 2 . 1 Treads 17 | 2 . 1 . . 3 2 . 2 . 4 . . . 2 . 1 Leg 7 | . . . . . . . . 2 2 3 . . . . . . Wheel 4 | . 2 1 . . . 1 . . . . . . . . . . Hover . | . . . . . . . . . . . . . . . . . Flight . | . . . . . . . . . . . . . . . . . Utility 72 | 1 1 1 . . 6 3 2 4 5 9 6 6 11 6 4 7 Device 8 | . . 1 . . 2 . . 1 . . . . 3 1 . . Storage 3 | 1 1 . . . . 1 . . . . . . . . . . Processor 1 | . . . . . 1 . . . . . . . . . . . Hackware 54 | . . . . . 2 1 2 1 5 9 6 5 7 5 4 7 Protection 6 | . . . . . 1 1 . 2 . . . 1 1 . . . Artifact . | . . . . . . . . . . . . . . . . . Weapon 58 | 2 4 1 . . 8 5 . 12 5 7 . 3 4 5 . 2 Energy Gun 14 | . . . . . 1 . . 4 1 3 . 1 . 3 . 1 Energy Cannon 2 | . . . . . . . . . 1 1 . . . . . . Ballistic Gun 14 | 2 2 1 . . 3 . . 2 1 1 . . 2 . . . Ballistic Cannon 12 | . . . . . 2 3 . 2 . 2 . . . 2 . 1 Launcher 9 | . 2 . . . 2 1 . 2 1 . . 1 . . . . Special Weapon 7 | . . . . . . 1 . 2 1 . . 1 2 . . . Impact Weapon . | . . . . . . . . . . . . . . . . . Slashing Weapon . | . . . . . . . . . . . . . . . . . Piercing Weapon . | . . . . . . . . . . . . . . . . . Special Melee Weapon . | . . . . . . . . . . . . . . . . . Unidentified Prototypes 3 | . . . . . 1 . . . . . . . 2 . . . Parts Lost 39 | . . 2 . . . 4 . 14 3 1 . 1 2 2 . 10 Power 8 | . . 1 . . . 1 . 3 . . . 1 . 1 . 1 Propulsion 11 | . . . . . . 2 . 4 1 1 . . . 1 . 2 Utility 4 | . . . . . . 1 . 1 . . . . . . . 2 Weapon 16 | . . 1 . . . . . 6 2 . . . 2 . . 5 Highest Loss Streak 10 | . . 1 . . . 2 . 7 1 1 . 1 1 1 . 10 To Critical Strikes . | . . . . . . . . . . . . . . . . . Average Slot Usage (%) 79 | . 85 99 100 100 90 81 81 72 64 79 74 72 77 81 76 72 Engine 4 | . 14 14 14 14 9 6 9 4 . 3 7 2 . . . . Core 2 | . . . . . . . . 2 7 3 . 2 6 4 . . Treads 11 | . 21 11 14 14 10 12 9 4 . 11 15 15 13 11 6 10 Leg 1 | . . . . . . . . 4 7 2 . . . . . . Wheel 2 | . 6 16 14 14 7 5 9 5 . . . . . . . . Device 1 | . . 13 14 14 11 1 . . . . . . 4 1 . . Storage 8 | . 14 14 14 14 9 9 9 9 7 7 7 7 6 6 6 5 Processor 2 | . . . . . 8 9 9 9 6 . . . . . . . Hackware 21 | . . . . . 13 14 18 13 18 29 28 26 30 35 36 33 Energy Gun 1 | . . . . . . . . 3 5 4 . 1 . 3 . . Ballistic Gun 5 | . 27 28 28 28 12 . . 2 1 4 . . 2 4 . . Ballistic Cannon 5 | . . . . . 2 12 9 4 . 2 7 7 4 4 13 10 Special Weapon 4 | . . . . . . 4 9 3 5 7 7 5 5 6 6 4 Peak Build Rating 120 | 6 7 8 11 12 34 66 66 66 73 87 87 88 109 106 111 120 Average Rating 67 | 3 6 7 9 11 23 56 66 62 67 77 84 85 88 88 105 114 On Entrance 52 | . 6 7 8 11 12 34 66 66 63 69 86 85 88 81 106 105 Naked Turns . | . . . . . . . . . . . . . . . . . Heaviest Build 49 | 13 30 29 28 28 45 49 25 26 24 37 38 44 44 47 47 47 Greatest Support 150 | 40 40 26 16 16 40 40 16 25 28 43 40 40 40 75 75 150 Greatest Overweight (x) 5 | 1 1 1 1 1 2 1 1 1 5 1 . 1 1 . . . Average Overweight (x) . | . . . 1 1 1 . 1 . 1 . . . . . . . Largest Inventory Capacity 40 | 8 15 15 15 15 15 40 40 40 40 40 40 40 40 40 40 40 Average Capacity 34 | 6 13 15 15 15 15 35 40 40 40 40 40 40 40 40 40 39 Most Carried 40 | 5 10 10 12 15 15 40 40 40 39 40 40 40 39 40 40 36 Average Carried 28 | 3 6 7 10 12 13 25 38 36 37 33 37 39 31 30 38 31 Final Capacity 40 | 8 15 15 15 15 15 40 40 40 40 40 40 40 40 40 40 5 Final Carried 40 | 3 10 9 12 15 14 40 39 37 38 39 35 39 26 40 36 5 Class Distribution -------------------- 28% | Bothacker-Skirmisher 24% | Botlord-Skirmisher 14% | Bothacker-Mutant 13% | Mutant 10% | Hauler-Mutant 3% | Scavenger-Mutant Dominant Class ---------------- Mutant | -10/Materials Mutant | -10/Mines Mutant | -10/Exiles Skirmisher | -9/Mines Scavenger-Mutant | -8/Materials Hauler-Mutant | -8/Garrison Bothacker-Mutant | -8/Materials Bothacker-Mutant | -8/Garrison Bothacker-Mutant | -7/Factory Bothacker-Skirmisher | -7/Garrison Bothacker-Skirmisher | -7/Factory Bothacker-Skirmisher | -7/Garrison Botlord-Skirmisher | -6/Factory Botlord-Skirmisher | -6/Garrison Botlord-Skirmisher | -6/Extension Botlord-Skirmisher | -5/Factory Resources | -11 -10 -10 -10 -9 -8 -8 -8 -8 -7 -7 -7 -7 -6 -6 -6 -5 ----------- Run | Yrd Mat Min Exi Min Mat Gar Mat Gar Fac Gar Fac Gar Fac Gar Ext Fac Matter Collected 6033 | 185 474 106 . 52 202 969 124 588 306 754 274 418 457 486 259 379 Remotely . | . . . . . . . . . . . . . . . . . Salvage Created 4969 | . 727 41 . 28 116 434 115 528 214 847 304 109 179 664 268 395 Parts 236 | . 43 . . 4 6 24 4 40 18 25 19 4 13 7 9 20 Haulers Intercepted 2 | . . . . . 1 . . . . . . . . . 1 . Recyclers Shooed 5 | . 2 . . . . . . . . . 3 . . . . . Parts Field Recycled . | . . . . . . . . . . . . . . . . . Retrieved Matter . | . . . . . . . . . . . . . . . . . Parts Self-Destructed . | . . . . . . . . . . . . . . . . . Prevented . | . . . . . . . . . . . . . . . . . Kills | -11 -10 -10 -10 -9 -8 -8 -8 -8 -7 -7 -7 -7 -6 -6 -6 -5 ------- Run | Yrd Mat Min Exi Min Mat Gar Mat Gar Fac Gar Fac Gar Fac Gar Ext Fac Combat Hostiles Destroyed 88 | . 13 1 . . 2 20 3 22 3 7 . 2 4 1 3 7 Guns 23 | . 7 1 . . . . . 8 . 5 . . 1 . . 1 Cannons 37 | . . . . . . 13 3 3 2 2 . 2 3 1 3 5 AOE 28 | . 6 . . . 2 7 . 11 1 . . . . . . 1 Classes Destroyed 15 | . 7 . . 1 1 4 . 1 . 1 . . . . . . Worker 5 | . 1 . . . . . . . . . 1 . . . . 3 Builder 3 | . 1 . . . . . . . 2 . . . . . . . Tunneler 2 | . . . . 1 . . . . . . . . 1 . . . Hauler 2 | . . . . . 1 . . . . . . . . . 1 . Recycler 5 | . 1 . . . . . . . 1 . 3 . . . . . Mechanic 1 | . 1 . . . . . . . . . . . . . . . Operator 6 | . 2 . . . . . 1 . . . 1 . 1 . . 1 Watcher 5 | . 2 . . . . . . . 1 . 1 1 . . . . Swarmer 18 | . . . . . . 7 . 11 . . . . . . . . Cutter 1 | . . . . . . . . 1 . . . . . . . . Grunt 45 | . 13 1 . . 2 7 3 5 1 2 1 1 2 1 2 4 Brawler 2 | . . . . . . . . . . 1 1 . . . . . Sentry 11 | . . . . . . 3 . 1 . 3 . 1 . . 2 1 Hunter 4 | . . . . . . 2 . . . . . . 1 1 . . Programmer 15 | . . . . . . 3 . 5 2 2 . . 1 . . 2 Best Kill Streak 5 | . 3 1 . 1 3 4 3 4 3 4 2 1 1 1 2 5 Combat Bots Only 4 | . 3 1 . . 2 4 3 4 1 4 . 1 1 1 2 2 Max Kills in Single Turn 4 | . 2 1 . 1 3 2 1 4 1 1 1 1 1 1 1 4 Gunslinging . | . . . . . . . . . . . . . . . . . Exploded 4 | . 2 . . . 2 2 . 4 1 . . . . . . 1 Melee . | . . . . . . . . . . . . . . . . . Uniques/NPCs Destroyed . | . . . . . . . . . . . . . . . . . Combat | -11 -10 -10 -10 -9 -8 -8 -8 -8 -7 -7 -7 -7 -6 -6 -6 -5 -------- Run | Yrd Mat Min Exi Min Mat Gar Mat Gar Fac Gar Fac Gar Fac Gar Ext Fac Hostile Shots Fired 861 | . 62 19 . . 8 106 6 142 38 80 36 38 64 36 68 158 Missed 294 | . 25 5 . . 2 25 5 37 10 33 19 13 26 9 23 62 Damage Taken 8377 | . 514 281 . . 99 1301 31 1731 379 366 362 270 498 376 345 1824 Core 1424 | . 106 94 . . . 170 . 374 60 55 55 41 69 18 29 353 Absorbed by Shields 325 | . . . . . . 23 . . . 51 . 101 . . 47 103 Reduced by Siege Mode 11 | . . . . . . . . . . . . . . . . 11 Regen/Repaired (Parts) 152 | . . . . . 4 . . . . 52 . . . . . 96 Core Remaining (%) 55 | 100 . . . 20 . . . 1 . . . 69 . . 86 . Volleys Fired 726 | . 78 12 . 2 6 90 17 98 26 113 23 35 32 119 20 55 Largest 3 | . 2 2 . 2 2 2 1 2 3 2 1 2 2 2 2 3 Hottest 185 | . 50 40 . 40 43 96 48 93 159 115 75 155 155 130 122 185 Shots Fired 979 | . 154 24 . 4 10 138 17 116 34 130 23 37 40 135 29 88 Gun 431 | . 145 24 . 4 9 . . 64 9 83 . 1 15 73 . 4 Cannon 340 | . . . . . . 129 13 28 7 15 17 13 16 21 18 63 Launcher 43 | . 9 . . . 1 4 . 15 11 . . 3 . . . . Special 165 | . . . . . . 5 4 9 7 32 6 20 9 41 11 21 Kinetic 580 | . 145 24 . 4 9 129 13 48 4 36 17 13 30 27 18 63 Thermal 163 | . . . . . . . . 36 4 61 . 1 1 56 . 4 Explosive 43 | . 9 . . . 1 4 . 15 11 . . 3 . . . . Electromagnetic 28 | . . . . . . . . 8 8 1 . . . 11 . . Robot Hit Streak 40 | . 9 3 . 2 4 8 6 8 7 40 5 9 9 31 11 6 Robot Miss Streak 5 | . 5 4 . 1 5 4 2 3 3 3 2 1 3 3 1 3 Penetration Max 1 | . . . . . . 1 . 1 . . . . . . 1 1 Secondary Targets 2 | . 1 . . . . . . 1 . . . . . . . . Max Gunslinging Chain 1 | . 1 . . . . . . 1 . . . . . . . . Shots Hit Robots 615 | . 90 10 . 3 5 74 13 63 21 101 14 22 24 111 24 40 Core Hits 315 | . 43 6 . 3 6 32 4 35 15 66 6 4 4 63 5 23 Critical Kills 1 | . . . . . . . . . . . . . 1 . . . Critical Parts Destroyed 3 | . . . . . . . . . . . . . 2 1 . . Critical Strikes 27 | . . . . . . 7 2 3 . . 1 . 5 3 3 3 Burn 2 | . . . . . . . . 2 . . . . . . . . Destroy 4 | . . . . . . . . . . . . . 3 1 . . Blast 21 | . . . . . . 7 2 1 . . 1 . 2 2 3 3 Melee Attacks . | . . . . . . . . . . . . . . . . . Impact . | . . . . . . . . . . . . . . . . . Slashing . | . . . . . . . . . . . . . . . . . Piercing . | . . . . . . . . . . . . . . . . . Sneak Attacks . | . . . . . . . . . . . . . . . . . Combat Hostiles . | . . . . . . . . . . . . . . . . . Follow-up Attacks . | . . . . . . . . . . . . . . . . . Damage Inflicted 15584 | . 1309 84 . 23 204 2508 284 1780 733 2545 883 286 873 2157 610 1305 Guns 5898 | . 930 84 . 23 43 . . 769 88 1963 . . 118 1813 . 67 Cannons 6676 | . . . . . . 1772 284 229 160 582 856 268 755 274 608 888 Explosions 2935 | . 379 . . . 159 736 . 738 485 . . 18 . 70 . 350 Melee . | . . . . . . . . . . . . . . . . . Ramming 75 | . . . . . 2 . . 44 . . 27 . . . 2 . Kinetic 8353 | . 930 84 . 23 43 1772 284 518 70 839 856 268 835 335 608 888 Thermal 4317 | . . . . . . . . 474 40 1706 . . 38 1642 . 417 Explosive 2545 | . 379 . . . 159 736 . 738 445 . . 18 . 70 . . Electromagnetic 294 | . . . . . . . . 6 178 . . . . 110 . . Impact . | . . . . . . . . . . . . . . . . . Slashing . | . . . . . . . . . . . . . . . . . Piercing . | . . . . . . . . . . . . . . . . . Highest Corruption 9 | . . . . . . 1 1 9 3 4 4 4 . . . . Average Corruption 2 | . . . . . . 1 1 3 2 3 4 4 . . . . Corruption Purged . | . . . . . . . . . . . . . . . . . Corruption Blocked . | . . . . . . . . . . . . . . . . . Effects 131 | . . . . . . 14 2 18 7 42 20 28 . . . . Message Errors 32 | . . . . . . 4 . 7 2 6 5 8 . . . . Matter Fused 31 | . . . . . . 2 2 5 2 10 4 6 . . . . Heat Flow Errors 19 | . . . . . . 3 . 1 1 7 3 4 . . . . Energy Discharges 13 | . . . . . . 2 . . 2 5 1 3 . . . . Parts Rejected 4 | . . . . . . . . 1 . 2 . 1 . . . . Parts Fused 3 | . . . . . . 1 . . . 2 . . . . . . Data Loss (minor) 13 | . . . . . . 1 . 1 . 6 3 2 . . . . Data Loss (major) 2 | . . . . . . . . 1 . . . 1 . . . . Misfires 7 | . . . . . . . . 2 . 2 2 1 . . . . Alerts 4 | . . . . . . . . . . 2 . 2 . . . . Weapon Failures 3 | . . . . . . 1 . . . . 2 . . . . . Overload Shots . | . . . . . . . . . . . . . . . . . Overflow Damage 601 | . 2 . . . . 71 21 24 28 6 163 30 177 . . 79 Projectiles 469 | . . . . . . 30 21 11 . 6 163 30 177 . . 31 Explosions 132 | . 2 . . . . 41 . 13 28 . . . . . . 48 Melee . | . . . . . . . . . . . . . . . . . Knockbacks 51 | . . . . . . 16 5 4 . 1 4 . 3 3 4 11 Impact 1 | . . . . . . . . 1 . . . . . . . . Kinetic 48 | . . . . . . 16 5 2 . 1 4 . 3 3 4 10 Secondary 2 | . . . . . . . . 1 . . . . . . . 1 Self-Inflicted Damage 306 | . 35 . . . . 56 . 77 53 . . 40 . . . 45 Shots 12 | . 3 . . . . 2 . 4 1 . . 1 . . . 1 Rammed 6 | . . . . . 1 . . . . . 4 . . . 1 . Targets Rammed 31 | . . . . . 1 . . 23 . . 5 . 1 . 1 . Kicked 23 | . . . . . . . . 23 . . . . . . . . Crushed 2 | . . . . . . . . . . . 1 . 1 . . . Highest Temperature 355 | . 14 15 . . . 256 9 252 257 272 171 264 81 355 165 251 Average Temperature 76 | . 7 9 . . . 76 9 106 89 66 37 71 19 120 66 58 Received Heat Transfer 2789 | . 267 120 . . 54 339 9 369 66 85 108 65 123 201 114 869 Effects 2 | . . . . . . . . 1 . . . . . 1 . . Energy Bleed 2 | . . . . . . . . 1 . . . . . 1 . . Siege Activations 1 | . . . . . . . . . . . . . . . . 1 Total Turns 12 | . . . . . . . . . . . . . . . . 12 Longest Duration 12 | . . . . . . . . . . . . . . . . 12 Robots Corrupted . | . . . . . . . . . . . . . . . . . Combat Hostiles . | . . . . . . . . . . . . . . . . . Parts Fried . | . . . . . . . . . . . . . . . . . Impact Corruptions . | . . . . . . . . . . . . . . . . . Robots Melted 2 | . . . . . . . . . . . . . . 2 . . Combat Hostiles . | . . . . . . . . . . . . . . . . . Parts Melted 15 | . . . . . . . . 5 . 4 . 1 . 5 . . Heat Transferred 9247 | . . . . . . . . 1147 50 3850 . . 75 3725 . 400 Parts Sabotaged . | . . . . . . . . . . . . . . . . . Parts Stolen . | . . . . . . . . . . . . . . . . . Parts Stripped . | . . . . . . . . . . . . . . . . . Power Chain Reactions 1 | . . . . . . . . . 1 . . . . . . . Alert | -11 -10 -10 -10 -9 -8 -8 -8 -8 -7 -7 -7 -7 -6 -6 -6 -5 ------- Run | Yrd Mat Min Exi Min Mat Gar Mat Gar Fac Gar Fac Gar Fac Gar Ext Fac Peak Influence 2639 | . 209 138 . 139 133 1467 795 1389 748 1110 895 1697 1261 2639 1570 1445 Initial 1385 | . . 45 . . 53 86 715 516 728 198 582 626 890 854 1385 583 Average 782 | . 93 58 . 19 112 686 746 1042 572 587 610 1168 1027 1591 1288 783 Maximum Alert Level 5 | . 1 . . . . 4 3 4 3 4 3 5 4 5 4 4 Low Security (%) 17 | 100 93 100 . 100 100 10 . . . 3 . . . . . . Level 1 7 | . 6 . . . . 28 . . 18 15 . . . . . . Level 2 22 | . . . . . . 14 1 12 49 45 79 11 . . . 66 Level 3 27 | . . . . . . 24 98 41 31 33 20 43 68 29 8 9 Level 4 18 | . . . . . . 22 . 45 . 1 . 33 31 26 91 23 Level 5 6 | . . . . . . . . . . . . 12 . 43 . . High Security . | . . . . . . . . . . . . . . . . . Max Security . | . . . . . . . . . . . . . . . . . Squads Dispatched 42 | . 4 . . . 4 . 2 . 4 . 3 . 13 . 3 9 Investigation 12 | . 2 . . . . . . . 1 . . . 2 . 2 5 Extermination 6 | . . . . . . . . . 2 . 1 . 2 . . 1 Reinforcement 12 | . 2 . . . 1 . 1 . 1 . 1 . 4 . 1 1 Assault 3 | . . . . . . . . . . . . . 1 . . 2 Garrison 9 | . . . . . 3 . 1 . . . 1 . 4 . . . Intercept . | . . . . . . . . . . . . . . . . . Searches Triggered . | . . . . . . . . . . . . . . . . . Construction Impeded 3 | . . . . . . . . . 1 . . . 2 . . . Haulers Reinforced 1 | . . . . . . . . . . . 1 . . . . . Active Scanning Responses . | . . . . . . . . . . . . . . . . . Cargo Convoy Interrupts 1 | . . . . . . . . . . . . . 1 . . . Alert ID Control Effect 13 | . . . . . . . . . . . . 1 4 . 3 5 Stealth | -11 -10 -10 -10 -9 -8 -8 -8 -8 -7 -7 -7 -7 -6 -6 -6 -5 --------- Run | Yrd Mat Min Exi Min Mat Gar Mat Gar Fac Gar Fac Gar Fac Gar Ext Fac Distress Signals 6 | . . . . . 1 . . . . . 1 . . 2 . 2 Communications Jammed 66 | . . . . . . . . . . . . . 1 . . 65 Distress Signals 66 | . . . . . . . . . . . . . 1 . . 65 Times Spotted 286 | . 33 5 . . 7 35 7 22 8 34 18 25 24 14 17 37 Peak Tracking Total 11 | . 4 2 . . 3 4 5 5 2 7 4 4 3 3 5 11 Tactical Retreats 6 | . . 2 . . . 1 . . . . . . . . 1 2 Traps | -11 -10 -10 -10 -9 -8 -8 -8 -8 -7 -7 -7 -7 -6 -6 -6 -5 ------- Run | Yrd Mat Min Exi Min Mat Gar Mat Gar Fac Gar Fac Gar Fac Gar Ext Fac Traps Triggered 16 | . 2 . . . . 8 . . . 2 . 3 . 1 . . Indirectly . | . . . . . . . . . . . . . . . . . Trap Hack Attempts . | . . . . . . . . . . . . . . . . . Triggered . | . . . . . . . . . . . . . . . . . Disarmed . | . . . . . . . . . . . . . . . . . Reprogrammed . | . . . . . . . . . . . . . . . . . Reused 2 | . . . . . . 2 . . . . . . . . . . Traps Extracted . | . . . . . . . . . . . . . . . . . Installed 4 | . . . . . . 3 . 1 . . . . . . . . Triggered 2 | . . . . . . 2 . . . . . . . . . . Most Traps Carried 3 | . . . . . . 3 1 1 . . . . . . . . Machines | -11 -10 -10 -10 -9 -8 -8 -8 -8 -7 -7 -7 -7 -6 -6 -6 -5 ---------- Run | Yrd Mat Min Exi Min Mat Gar Mat Gar Fac Gar Fac Gar Fac Gar Ext Fac Machines Disabled 73 | . 1 . . . . 6 1 10 . 8 1 11 4 6 1 24 Max in Single Turn 18 | . 1 . . . . 1 1 1 . 1 1 2 . 2 . 18 Garrison Relay 25 | . . . . . . 4 . 6 . 4 . 7 . 4 . . Phase Generator 3 | . . . . . . . . 1 . . . 1 . 1 . . Machines Repaired . | . . . . . . . . . . . . . . . . . Machines Dismantled . | . . . . . . . . . . . . . . . . . Machines Sabotaged . | . . . . . . . . . . . . . . . . . Overloaded Fab Kills . | . . . . . . . . . . . . . . . . . Hacking | -11 -10 -10 -10 -9 -8 -8 -8 -8 -7 -7 -7 -7 -6 -6 -6 -5 --------- Run | Yrd Mat Min Exi Min Mat Gar Mat Gar Fac Gar Fac Gar Fac Gar Ext Fac Machines Accessed 54 | . 6 1 2 . 2 3 1 1 4 4 7 2 4 4 8 5 Terminals 36 | . 6 . . . . 3 . 1 2 4 4 2 1 4 8 1 Fabricators 7 | . . . . . . . . . 1 . 2 . 1 . . 3 Repair Stations 2 | . . . . . 1 . . . . . . . . . . 1 Recycling Units . | . . . . . . . . . . . . . . . . . Scanalyzers . | . . . . . . . . . . . . . . . . . Garrison Access 6 | . . . . . 1 . 1 . 1 . 1 . 2 . . . Total Hacks 120 | . 15 1 2 . 3 6 2 3 14 7 13 4 13 6 14 17 Successful 79 | . 8 1 2 . 3 2 2 1 8 4 9 2 10 3 10 14 Failed 41 | . 7 . . . . 4 . 2 6 3 4 2 3 3 4 3 Catastrophic 10 | . 1 . . . . 1 . 1 1 . 2 . 1 1 1 1 Database Lockouts . | . . . . . . . . . . . . . . . . . Manual 42 | . 13 . 1 . . . . . 6 . 5 2 8 3 . 4 Terminals 74 | . 15 . . . . 6 . 3 7 7 6 4 3 6 14 3 Fabricators 23 | . . . . . . . . . 2 . 6 . 3 . . 12 Repair Stations 4 | . . . . . 2 . . . . . . . . . . 2 Recycling Units . | . . . . . . . . . . . . . . . . . Scanalyzers . | . . . . . . . . . . . . . . . . . Garrison Access 16 | . . . . . 1 . 2 . 5 . 1 . 7 . . . Terminal Hacks 34 | . 3 1 2 . . 2 . 1 2 4 2 2 . 3 10 2 Record 1 | . . . 1 . . . . . . . . . . . . . Robot Schematic 4 | . 1 . . . . . . . . . 1 . . . . 2 Open Door 12 | . . 1 . . . 1 . 1 . 1 . . . 1 7 . Open DSF 1 | . . . . . . . . . . . 1 . . . . . Emergency Access Points 4 | . . . . . . 1 . . . 1 . 1 . 1 . . Terminal Index 1 | . 1 . . . . . . . . . . . . . . . Fabricator Index 1 | . . . . . . . . . 1 . . . . . . . Unreport Threat 5 | . 1 . . . . . . . 1 . . . . . 3 . Garrison Registry 1 | . . . . . . . . . . . . . . 1 . . Patrol Navigation 1 | . . . . . . . . . . 1 . . . . . . Security Stations 2 | . . . . . . . . . . 1 . 1 . . . . Derelict Proto ID Bank 1 | . . . 1 . . . . . . . . . . . . . Fabricator Hacks 22 | . . . . . . . . . 2 . 6 . 3 . . 11 Load Schematic 10 | . . . . . . . . . 1 . 3 . 1 . . 5 Build 12 | . . . . . . . . . 1 . 3 . 2 . . 6 Repair Station Hacks 2 | . . . . . 2 . . . . . . . . . . . Scan Component 1 | . . . . . 1 . . . . . . . . . . . Repair 1 | . . . . . 1 . . . . . . . . . . . Recycling Unit Hacks . | . . . . . . . . . . . . . . . . . Scanalyzer . | . . . . . . . . . . . . . . . . . Garrison Access Hacks 8 | . . . . . 1 . 2 . 2 . 1 . 2 . . . Unlock Access 6 | . . . . . 1 . 1 . 1 . 1 . 2 . . . Coupler Status 2 | . . . . . . . 1 . 1 . . . . . . . Unauthorized Hacks 13 | . 5 . . . . . . . 2 . . . 5 . . 1 Terminals 6 | . 5 . . . . . . . . . . . 1 . . . Assimilate 1 | . . . . . . . . . . . . . 1 . . . Botnet 4 | . 4 . . . . . . . . . . . . . . . Operators 1 | . 1 . . . . . . . . . . . . . . . Fabricators . | . . . . . . . . . . . . . . . . . Repair Stations 1 | . . . . . . . . . . . . . . . . 1 Patch 1 | . . . . . . . . . . . . . . . . 1 Recycling Units . | . . . . . . . . . . . . . . . . . Scanalyzers . | . . . . . . . . . . . . . . . . . Garrison Access 6 | . . . . . . . . . 2 . . . 4 . . . Reprogram 3 | . . . . . . . . . 1 . . . 2 . . . Intercept 2 | . . . . . . . . . 1 . . . 1 . . . Watchers 1 | . . . . . . . . . . . . . 1 . . . Data Cores Recovered 2 | . . . . . . . . . . . 2 . . . . . Used . | . . . . . . . . . . . . . . . . . Hacking Detections 31 | . 6 . . . 1 2 . 1 3 1 4 1 2 2 4 4 Full Trace Events 7 | . . . . . . 1 . . 1 . . . . . 2 3 Feedback Events . | . . . . . . . . . . . . . . . . . Feedback Blocked . | . . . . . . . . . . . . . . . . . Robot Schematics Acquired 4 | . 1 . . . . . . . . . 1 . . . . 2 Robots Built 18 | . . . . . . . . . 1 . 6 . 3 . . 8 Authchips 9 | . . . . . . . . . 1 . 3 . 2 . . 3 Time 673 | . . . . . . . . . 27 . 174 . 125 . . 347 Total Robot Build Rating 61 | . . . . . . . . . 1 . 18 . 12 . . 30 Part Schematics Acquired . | . . . . . . . . . . . . . . . . . Parts Built . | . . . . . . . . . . . . . . . . . Authchips . | . . . . . . . . . . . . . . . . . Time . | . . . . . . . . . . . . . . . . . Total Part Build Rating . | . . . . . . . . . . . . . . . . . Parts Repaired 1 | . . . . . 1 . . . . . . . . . . . Time 53 | . . . . . 53 . . . . . . . . . . . Parts Recycled . | . . . . . . . . . . . . . . . . . Recycled Matter . | . . . . . . . . . . . . . . . . . Retrieved Matter . | . . . . . . . . . . . . . . . . . Retrieved Components . | . . . . . . . . . . . . . . . . . Parts Scanalyzed . | . . . . . . . . . . . . . . . . . Part Schematics Acquired . | . . . . . . . . . . . . . . . . . Parts Damaged . | . . . . . . . . . . . . . . . . . Bothacking | -11 -10 -10 -10 -9 -8 -8 -8 -8 -7 -7 -7 -7 -6 -6 -6 -5 ------------ Run | Yrd Mat Min Exi Min Mat Gar Mat Gar Fac Gar Fac Gar Fac Gar Ext Fac Used RIF Installer 5 | . . . . . . 1 . 1 . 1 . 1 . 1 . . Signal Jammer 1 | . . . . . . . . . . 1 . . . . . . Alert ID Control 1 | . . . . . . . . . . . . 1 . . . . Structural Interface 1 | . . . . . . . . 1 . . . . . . . . Autooverride 1 | . . . . . . . . . . . . . . 1 . . Robots Hacked 72 | . . . . . . 2 2 2 4 17 3 14 4 5 9 10 Non-combat 2 | . . . . . . . . . 1 . . . 1 . . . Combat 70 | . . . . . . 2 2 2 3 17 3 14 3 5 9 10 Autooverrided 3 | . . . . . . . . . . . . . . . 1 2 Robot Hacks Applied 77 | . . . . . . 2 3 2 6 17 4 14 5 5 10 9 drop_inventory 1 | . . . . . . . . . . . . . 1 . . . find_recycling 1 | . . . . . . . . . 1 . . . . . . . emergency_deploy 1 | . . . . . . . . . . . 1 . . . . . find_garrison 4 | . . . . . . . 1 . 1 . 1 . . . . 1 reboot_propulsion 1 | . . . . . . . . . . . . . . . 1 . scatter_targeting 1 | . . . . . . . . . . . . . . . 1 . disrupt_area 4 | . . . . . . . . . . . . 1 1 . . 2 spike_heat 5 | . . . . . . . . . . . . 3 . . 2 . overload_power 5 | . . . . . . . . . . . . . . . 1 4 disable_weapons 1 | . . . . . . . . . . . . . . . 1 . go_dormant 1 | . . . . . . . . . 1 . . . . . . . overwrite_iff 16 | . . . . . . 1 1 1 . 9 . 1 1 . 1 1 streamctrl_high 1 | . . . . . . . . . . . . . . 1 . . formatsys_high 34 | . . . . . . 1 1 1 3 8 2 9 2 3 3 1 formatsys_deep 1 | . . . . . . . . . . . . . . 1 . . Relay Couplers Released 111 | . . . . . . 20 . 24 . 16 . 29 . 18 . 4 Machine Destruction 103 | . . . . . . 16 . 24 . 16 . 29 . 18 . . Programmers 8 | . . . . . . 4 . . . . . . . . . 4 Attached 39 | . . . . . . 1 2 1 3 9 3 5 3 5 4 3 Fabnet Peak Effective % . | . . . . . . . . . . . . . . . . . Robots Rewired 30 | . . . . . . 4 . 2 . 4 . 2 . 18 . . Allies Hacked 3 | . . . . . . . . . . . . . . 3 . . Hacks Repelled . | . . . . . . . . . . . . . . . . . Allies | -11 -10 -10 -10 -9 -8 -8 -8 -8 -7 -7 -7 -7 -6 -6 -6 -5 -------- Run | Yrd Mat Min Exi Min Mat Gar Mat Gar Fac Gar Fac Gar Fac Gar Ext Fac Total Allies 124 | . . 3 . . . 6 2 4 4 21 8 14 10 27 13 12 Largest Group 26 | . . 3 2 2 2 4 2 3 2 6 10 8 7 14 22 26 Highest-Rated Group 777 | . . 40 32 32 32 102 38 79 64 132 256 221 254 464 777 771 Highest-Rated Ally 159 | . . 16 16 16 16 31 20 39 32 32 32 95 95 85 159 159 Total Orders 10 | . . . . . . . . 1 1 3 . 1 . 1 . 3 ROAM 1 | . . . . . . . . . . . . 1 . . . . GUARD 3 | . . . . . . . . 1 1 . . . . 1 . . AID 6 | . . . . . . . . . . 3 . . . . . 3 Ally Attacks 755 | . . 3 . 15 7 68 10 17 8 68 86 73 86 108 49 157 Total Damage 18250 | . . 18 . 185 67 984 207 491 123 1280 1966 2550 2557 2670 1260 3892 Kills 155 | . . 1 . 5 . 9 1 4 1 15 20 23 20 21 10 25 Allies Corrupted 4 | . . . . . . . . . . . . . . 3 . 1 Allies Melted 1 | . . . . . . . . . 1 . . . . . . . Intel | -11 -10 -10 -10 -9 -8 -8 -8 -8 -7 -7 -7 -7 -6 -6 -6 -5 ------- Run | Yrd Mat Min Exi Min Mat Gar Mat Gar Fac Gar Fac Gar Fac Gar Ext Fac Robot Analysis Total . | . . . . . . . . . . . . . . . . . Derelict Logs Recovered 4 | . . 3 . 1 . . . . . . . . . . . . Drone Launches . | . . . . . . . . . . . . . . . . . Drone Recoveries . | . . . . . . . . . . . . . . . . . Exploration | -11 -10 -10 -10 -9 -8 -8 -8 -8 -7 -7 -7 -7 -6 -6 -6 -5 ------------- Run | Yrd Mat Min Exi Min Mat Gar Mat Gar Fac Gar Fac Gar Fac Gar Ext Fac Turns Passed 17456 | 50 1297 686 253 398 308 2386 128 1055 1265 2134 1133 1682 1074 1987 500 1120 Spaces Moved 8461 | 31 647 553 215 315 141 972 75 552 615 1017 528 845 467 841 246 401 Core 152 | 12 . . . . . . . . 140 . . . . . . . Treads 5453 | 19 470 1 . . 18 816 . . . 801 528 845 467 841 246 401 Legs 865 | . . . . . . . . 174 475 216 . . . . . . Wheels 1991 | . 177 552 215 315 123 156 75 378 . . . . . . . . Hover . | . . . . . . . . . . . . . . . . . Flight . | . . . . . . . . . . . . . . . . . Fastest Speed 50 | 50 90 90 115 115 115 115 115 100 120 120 170 170 170 160 160 160 Average Speed 159 | 119 142 112 115 115 137 200 115 131 176 155 170 178 181 167 160 160 Slowest Speed 300 | 160 160 240 115 115 250 250 115 190 300 240 170 250 250 170 160 160 Overloaded Moves . | . . . . . . . . . . . . . . . . . Propulsion Burnouts . | . . . . . . . . . . . . . . . . . Robots Hopped . | . . . . . . . . . . . . . . . . . Cave-ins Triggered . | . . . . . . . . . . . . . . . . . Exploration Rate (%) 51 | 3 95 96 60 76 21 94 9 50 15 98 17 96 14 93 35 11 Regions Visited 16 Branch Regions 4 Pre-discovered Areas 1 | . . . 1 . . . . . . . . . . . . . Known Exits Taken 5 | . . . . . 1 . 1 . 1 . 1 . 1 . . . Unknown Exits Taken 6 | 1 1 1 1 1 . . . . . . . . . . 1 . Scrap Searched 2 | . . 1 . 1 . . . . . . . . . . . . Spaces Dug 62 | . . . . . . 9 . 1 . . . . 1 . . 51 Terrain Destroyed 604 | . 51 . . . 13 22 6 77 116 6 4 114 8 53 3 131 Melee . | . . . . . . . . . . . . . . . . . Projectile 72 | . . . . . . 2 6 4 . 6 4 2 8 2 3 35 AOE 532 | . 51 . . . 13 20 . 73 116 . . 112 . 51 . 96 Terrain Rammed . | . . . . . . . . . . . . . . . . . Walls Destroyed . | . . . . . . . . . . . . . . . . . Machines Disabled . | . . . . . . . . . . . . . . . . . Actions | -11 -10 -10 -10 -9 -8 -8 -8 -8 -7 -7 -7 -7 -6 -6 -6 -5 --------- Run | Yrd Mat Min Exi Min Mat Gar Mat Gar Fac Gar Fac Gar Fac Gar Ext Fac Total 11473 | 42 881 593 220 348 244 1272 100 763 764 1439 729 982 646 1323 327 800 Wait 1792 | . 138 22 5 27 60 98 5 44 95 242 161 78 123 309 54 331 Move 8449 | 30 646 552 214 314 141 971 75 551 615 1016 528 844 466 840 245 401 Hop . | . . . . . . . . . . . . . . . . . Pick Up 203 | 5 9 2 1 4 10 57 1 21 15 28 4 12 4 27 . 3 Fast Attach 6 | 4 . . . . 1 . . . . . . 1 . . . . Attach 88 | 2 1 3 . . 6 5 . 16 9 13 3 4 10 8 1 7 Detach 5 | . . . . . . . . . 1 2 . . 2 . . . Swap 79 | 1 7 2 . . 10 8 2 7 3 11 4 6 5 7 3 3 Drop 49 | . 2 . . 1 9 12 . 2 . 11 1 2 2 7 . . Fire 726 | . 78 12 . 2 6 90 17 98 26 113 23 35 32 119 20 55 Melee . | . . . . . . . . . . . . . . . . . Ram . | . . . . . . . . . . . . . . . . . Kick 23 | . . . . . . . . 23 . . . . . . . . Crush 8 | . . . . . 1 . . . . . 5 . 1 . 1 . Escape Stasis 25 | . . . . . . 23 . . . . . . . . 2 . Rewire 16 | . . . . . . 5 . . . 3 . . 1 6 1 . Trap 4 | . . . . . . 3 . 1 . . . . . . . . Miscellaneous . | . . . . . . . . . . . . . . . . . Route ------- -11/Scrapyard -10/Materials (discovered 4 exits: [*Mat x3] / *Min) -10/Mines (discovered 3 exits: [*Mat x2] / *Exi) -10/Exiles -9/Mines (discovered 2 exits: *Mat x2) -8/Materials (discovered 2 exits: Fac / Gar) -8/Garrison (discovered 3 exits: *Mat x3) -8/Materials -8/Garrison -7/Factory (discovered 2 exits: *Fac / Gar) -7/Garrison (discovered 3 exits: *Fac x3) -7/Factory -7/Garrison (discovered 4 exits: *Fac x3 / [*Fac]) -6/Factory (discovered 4 exits: [*Low x2] / Gar / Gar) -6/Garrison (discovered 3 exits: *Ext x3) -6/Extension -5/Factory (discovered 1 exit: [*Fac]) History --------- Turn | Location | Event 10 | -11/Scrapyard | Discovered new exit (range 16) 51 | -11/Scrapyard | Entered Materials 267 | -10/Materials | Discovered new exit (range 15) 318 | -10/Materials | Build established: Mutant 641 | -10/Materials | Discovered new exit (range 15) 1096 | -10/Materials | Discovered new exit (range 14) 1322 | -10/Materials | Discovered new exit (range 8) 1348 | -10/Materials | Entered Mines 1403 | -10/Mines | Core integrity fell below 50% 1532 | -10/Mines | Assisted by bots powering up and referring to "LRC-V3" 1616 | -10/Mines | Learned 4 Materials zone layouts 1696 | -10/Mines | Discovered new exit (range 11) 1779 | -10/Mines | Learned Materials terminal intel 1787 | -10/Mines | Learned Materials terminal intel 1813 | -10/Mines | Met a Derelict who couldn't figure out how to use a Trap Extractor 1994 | -10/Mines | Discovered new exit (range 4) 2022 | -10/Mines | Deemed a non-threat by the Exiles lab entrance 2022 | -10/Mines | Discovered new exit (range 5) 2034 | -10/Mines | Entered Exiles 2034 | -10/Exiles | Accompanied by 2 allies 2062 | -10/Exiles | Met 8R-AWN 2083 | -10/Exiles | Met EX-HEX 2118 | -10/Exiles | Met EX-BIN 2131 | -10/Exiles | Aligned with FarCom system 2132 | -10/Exiles | Given EX-Vault access code 2159 | -10/Exiles | Opened EX-Vault 2168 | -10/Exiles | Found Lightpack 2.0 2192 | -10/Exiles | Warned to stay clear of 0b10 Research branches 2226 | -10/Exiles | Met EX-DEC 2238 | -10/Exiles | Learned location of Zion (-7) 2271 | -10/Exiles | Discovered new exit (range 10) 2287 | -10/Exiles | Left Exiles lab with Lightpack 2.0 2287 | -10/Exiles | Entered Mines 2287 | -9/Mines | Accompanied by 2 allies 2316 | -9/Mines | Received a Rocket Launcher from a helpful Derelict 2397 | -9/Mines | Learned location of 1 exit from Materials 2589 | -9/Mines | Build established: Skirmisher 2602 | -9/Mines | Discovered new exit (range 10) 2672 | -9/Mines | Discovered new exit (range 8) 2685 | -9/Mines | Entered Materials 2685 | -8/Materials | Accompanied by 2 allies 2685 | -8/Materials | Evolved 4 slots: Utility x4 2686 | -8/Materials | Identified exit to Factory 2688 | -8/Materials | Loaded intel: 12 terminal locations 2738 | -8/Materials | Garrison activated, responded to threat 2827 | -8/Materials | Repaired Corrupted Hacking Suite 2907 | -8/Materials | Met 7R-MNS 2993 | -8/Materials | Identified exit to Garrison 2993 | -8/Materials | Entered Garrison 2993 | -8/Garrison | Accompanied by 2 allies 3185 | -8/Garrison | Triggered checkpoint 3234 | -8/Garrison | Build established: Scavenger-Mutant 3243 | -8/Garrison | Garrison Relay disabled 3687 | -8/Garrison | Build established: Hauler-Mutant 3711 | -8/Garrison | Triggered checkpoint 3782 | -8/Garrison | Discovered new exit (range 10) 3915 | -8/Garrison | Triggered checkpoint 4034 | -8/Garrison | Garrison Relay disabled 4141 | -8/Garrison | Triggered checkpoint 4251 | -8/Garrison | Triggered checkpoint 4311 | -8/Garrison | Garrison Relay disabled 4404 | -8/Garrison | Discovered new exit (range 15) 4527 | -8/Garrison | Triggered checkpoint 4680 | -8/Garrison | Discovered new exit (range 15) 4706 | -8/Garrison | Installed Relay Interface Framework 4797 | -8/Garrison | Triggered checkpoint 4840 | -8/Garrison | Lost 3 allies 4842 | -8/Garrison | Garrison Relay disabled 5009 | -8/Garrison | Build established: Bothacker-Mutant 5379 | -8/Garrison | Entered Materials 5379 | -8/Materials | Accompanied by 1 ally 5380 | -8/Materials | Loaded intel: 12 terminal locations 5409 | -8/Materials | Garrison activated, responded to threat 5507 | -8/Materials | Identified exit to Garrison 5507 | -8/Materials | Entered Garrison 5507 | -8/Garrison | Accompanied by 1 ally 5637 | -8/Garrison | Triggered checkpoint 5726 | -8/Garrison | Garrison Relay disabled 5910 | -8/Garrison | Phase Generator disabled 5944 | -8/Garrison | Expanded RIF knowledge: Structural Interface 6052 | -8/Garrison | Triggered checkpoint 6071 | -8/Garrison | Triggered checkpoint 6090 | -8/Garrison | Core integrity fell below 50% 6148 | -8/Garrison | Lost 7 parts (2p3n2w) 6205 | -8/Garrison | Build established: Hauler-Mutant 6246 | -8/Garrison | Core integrity fell below 20% 6303 | -8/Garrison | Lost 6 parts (1p1n1u3w) 6346 | -8/Garrison | Garrison Relay disabled 6348 | -8/Garrison | Garrison Relay disabled 6355 | -8/Garrison | Garrison Relay disabled 6357 | -8/Garrison | Garrison Relay disabled 6514 | -8/Garrison | Discovered exit to Factory (range 5) 6562 | -8/Garrison | Entered Factory 6562 | -7/Factory | Evolved 2 slots: Utility x1, Weapon x1 6605 | -7/Factory | Build established: Bothacker-Mutant 6789 | -7/Factory | Discovered new exit (range 13) 7794 | -7/Factory | Fabricated M-13 Machinist (x1) 7821 | -7/Factory | Identified exit to Garrison 7827 | -7/Factory | Entered Garrison 7827 | -7/Garrison | Accompanied by 1 ally 7939 | -7/Garrison | Triggered checkpoint 7965 | -7/Garrison | Learned Factory security intel 7974 | -7/Garrison | Build established: Bothacker-Skirmisher 7983 | -7/Garrison | Garrison Relay disabled 8179 | -7/Garrison | Triggered checkpoint 8180 | -7/Garrison | Triggered checkpoint 8237 | -7/Garrison | Lost 7 allies 8358 | -7/Garrison | Discovered new exit (range 10) 8369 | -7/Garrison | Triggered checkpoint 8390 | -7/Garrison | Garrison Relay disabled 8442 | -7/Garrison | Heavy support dispatched to Factory 8615 | -7/Garrison | Expanded RIF knowledge: Signal Jamming 8710 | -7/Garrison | Discovered new exit (range 10) 8721 | -7/Garrison | Triggered checkpoint 8996 | -7/Garrison | H-XX Assembler disabled 9024 | -7/Garrison | Found Prototype Device 9349 | -7/Garrison | Triggered checkpoint 9382 | -7/Garrison | Garrison Relay disabled 9438 | -7/Garrison | Discovered new exit (range 10) 9910 | -7/Garrison | Garrison Relay disabled 9961 | -7/Garrison | Entered Factory 9961 | -7/Factory | Accompanied by 6 allies 10224 | -7/Factory | Fabricated X-57 Shotgunner (x2) 10288 | -7/Factory | Fabricated X-57 Shotgunner (x2) 10736 | -7/Factory | Fabricated X-57 Shotgunner (x2) 11052 | -7/Factory | Garrison activated, responded to threat 11094 | -7/Factory | Identified exit to Garrison 11094 | -7/Factory | Entered Garrison 11094 | -7/Garrison | Accompanied by 7 allies 11098 | -7/Garrison | Lost 3 allies 11148 | -7/Garrison | Triggered checkpoint 11174 | -7/Garrison | Discovered new exit (range 5) 11246 | -7/Garrison | Triggered checkpoint 11281 | -7/Garrison | Garrison Relay disabled 11396 | -7/Garrison | Triggered checkpoint 11408 | -7/Garrison | Triggered checkpoint 11430 | -7/Garrison | Triggered checkpoint 11445 | -7/Garrison | Lost 3 allies 11456 | -7/Garrison | Triggered checkpoint 11510 | -7/Garrison | Triggered checkpoint 11542 | -7/Garrison | Garrison Relay disabled 11576 | -7/Garrison | Discovered new exit (range 8) 11715 | -7/Garrison | Discovered new exit (range 10) 11758 | -7/Garrison | Lost 9 allies 11812 | -7/Garrison | Discovered new exit (range 9) 11828 | -7/Garrison | Triggered checkpoint 11852 | -7/Garrison | Found embedded Infiltrators 11852 | -7/Garrison | Garrison Relay disabled 12049 | -7/Garrison | Garrison Relay disabled 12054 | -7/Garrison | Triggered checkpoint 12086 | -7/Garrison | Triggered checkpoint 12100 | -7/Garrison | Garrison Relay disabled 12139 | -7/Garrison | Expanded RIF knowledge: Alert ID Control 12282 | -7/Garrison | Learned Factory security intel 12403 | -7/Garrison | Phase Generator disabled 12445 | -7/Garrison | Build established: Botlord-Skirmisher 12571 | -7/Garrison | Garrison Relay disabled 12584 | -7/Garrison | Garrison Relay disabled 12776 | -7/Garrison | Entered Factory 12776 | -6/Factory | Accompanied by 3 allies 12776 | -6/Factory | Evolved 2 slots: Utility x2 12940 | -6/Factory | Identified Active Sensor Suite 13117 | -6/Factory | Identified exit to Garrison 13150 | -6/Factory | Garrison activated, responded to threat 13394 | -6/Factory | Discovered new exit (range 11) 13644 | -6/Factory | Discovered new exit (range 7) 13678 | -6/Factory | Garrison activated, responded to threat 13717 | -6/Factory | Identified exit to Garrison 13809 | -6/Factory | Fabricated L-41 Fighter (x3) 13826 | -6/Factory | First assault squad dispatched 13845 | -6/Factory | Cargo convoy interrupted 13850 | -6/Factory | Entered Garrison 13850 | -6/Garrison | Accompanied by 3 allies 13868 | -6/Garrison | Triggered checkpoint 13952 | -6/Garrison | Warlord forces raided the area 13994 | -6/Garrison | Triggered checkpoint 14008 | -6/Garrison | Triggered checkpoint 14064 | -6/Garrison | Triggered checkpoint 14070 | -6/Garrison | Triggered checkpoint 14190 | -6/Garrison | Triggered checkpoint 14370 | -6/Garrison | Discovered new exit (range 12) 14474 | -6/Garrison | Triggered checkpoint 14489 | -6/Garrison | Expanded RIF knowledge: Autooverride 14528 | -6/Garrison | Discovered new exit (range 11) 14529 | -6/Garrison | Lost 5 allies 14726 | -6/Garrison | Discovered new exit (range 9) 14755 | -6/Garrison | Build established: Bothacker-Skirmisher 14779 | -6/Garrison | Garrison Relay disabled 15079 | -6/Garrison | Build established: Botlord-Skirmisher 15126 | -6/Garrison | Triggered checkpoint 15126 | -6/Garrison | Assimilated ARC 5a with formatsys_deep 15165 | -6/Garrison | Garrison Relay disabled 15278 | -6/Garrison | Triggered checkpoint 15292 | -6/Garrison | Discovered new exit (range 53) 15292 | -6/Garrison | Discovered new exit (range 22) 15292 | -6/Garrison | Discovered new exit (range 55) 15332 | -6/Garrison | Garrison Relay disabled 15435 | -6/Garrison | Lost 3 allies 15634 | -6/Garrison | Garrison Relay disabled 15664 | -6/Garrison | Phase Generator disabled 15837 | -6/Garrison | Entered Extension 15837 | -6/Extension | Accompanied by 13 allies 15911 | -6/Extension | Rescued a captive Derelict 15912 | -6/Extension | Rescued a captive Derelict 15963 | -6/Extension | Rescued A7 16006 | -6/Extension | Rescued a captive Derelict 16061 | -6/Extension | Rescued a captive Derelict 16089 | -6/Extension | Rescued a captive Derelict 16147 | -6/Extension | Rescued a captive Derelict 16148 | -6/Extension | Rescued a captive Derelict 16260 | -6/Extension | Spotted B-75 Beast 16265 | -6/Extension | Assimilated Beast 5a with formatsys_high 16271 | -6/Extension | Spotted B-75 Beast 16283 | -6/Extension | Allies destroyed B-75 Beast 16314 | -6/Extension | Discovered new exit (range 4) 16337 | -6/Extension | Entered Factory 16337 | -5/Factory | Accompanied by 20 allies (A7) 16337 | -5/Factory | Evolved 2 slots: Propulsion x2 16438 | -5/Factory | Fabricated B-60 Warrior (x3) 16507 | -5/Factory | Fabricated X-57 Shotgunner (x2) 16636 | -5/Factory | Fabricated M-13 Machinist (x1) 16734 | -5/Factory | Lost 3 allies 16828 | -5/Factory | Fabricated M-13 Machinist? 16879 | -5/Factory | Lost 13 allies 16928 | -5/Factory | Discovered new exit (range 15) 16950 | -5/Factory | Found Prototype Processor 17237 | -5/Factory | First assault squad dispatched 17395 | -5/Factory | Fabricated I-36 Angel? 17450 | -5/Factory | Lost 12 allies 17457 | -5/Factory | Self-destructed Last Messages --------------- 17450_ Lightpack 2.0 destroyed. 17450_ G-50 Soldier destroyed. 17450_ Imp. Heavy Treads destroyed. 17450_ U-05 Engineer lays Concrete. 17452_ Gatling Laser destroyed. 17452_ U-05 Engineer lays Concrete. 17453_ U-05 Engineer knocked back. 17453_ Destroyed Welding Torch. 17453_ K-01 Serf collects debris. 17453_ U-05 Engineer call for reinforcements jammed. 17453_ U-05 Engineer distress signal jammed. 17454_ U-05 Engineer builds a Wall. 17454_ R-10 Processor collects Carbon-fiber Leg. 17454_ U-05 Engineer call for reinforcements jammed. 17454_ U-05 Engineer distress signal jammed. 17455_ G-50 Soldier knocked back. 17456_ K-01 Serf collects debris. 17456_ Flak Cannon destroyed. Map ----- +----------------------------------------------------+ | ????????## """"##????# """# ## # | | ??????? # [ "####?# #! #### | | ?????? " # %[ """"#######+# " #??? | | ?????? " + + S " #??? | | ?????? " # "############ "" #??? | | ???????" # "#??????????# #??? | | ?????????# ##??????????########??? | | ?????????# #########?????????????? | | ?????????# " ????????????? | | ?????????# " ????????????? | | ?????????# " ???????????? | | ?????????# % u# ????????????? | | ???????### / ????????????? | | ???????#"# k #% ????????????? | | ???????#" % [ % ####""####"#####????????? | | ???????#" % % u ?????????? | | ???????#" = = ??????????? | | ???????# u %/[% ??????????? | | ???????#" %% ??????????? | | ???????#" %R ;###""+#"#????????????? | | ???????#" =%=g#??# % % #????????????? | | ???????#" g*% #??#=[! ]#????????????? | | ???????## [= #??#[!! ##???????????# | | ????????# !!%=#?##[! "######## #### | | ????????# *![!## # =;g%m%%!*[%*[ | | ?? !%!@!]! ; #########?#### | | ?? =!!t!!;; " %#????????????# | | ?? [!!!!g ; "" #????????????# | | ??? !!!;;;; F" #????????????# | | ??? ; ; "" #????????????# | | ??? ##### # ## "" #????????????# | | ???? #???# #### #????????????# | | ???? #########????# #??#######????????????# | | ????? ?????????????# #?????????????????????# | | ????? ???????????????# #?????????????????????# | | ?????????????????????# #?????????????????????# | | ?????????????????????# #?????????????????????# | | ?????????????????????# #???????????? ?????"??# | | ?????????????????????# #?????????!! """" ?# | | ?????????????????????# #?????????!! """" # | | ?????????????????????# #??????????? # | | ?????????????????????# #???????????""" # | | ?????????????????????# ???????????""" # | | ?????????????????????# ???????????""" ! # | | ?????????????????????? ?????????? """" + | | ????????????????????????????????????# # | | ????????????????????????????????????# " | | ????????????????????????????????????############"" | | ??????????????????????????????????????????????#" | | ??????????????????????????????????????????????#" | +----------------------------------------------------+ Best States ------------- Heat Dissipation 59 Energy Generation 25 Energy Capacity 290 Matter Stores 300 Matter Capacity 300 Sight Range 16 Robot Scan Range 14 Terrain Scan Density 10 Armor Coverage 225 Weapon Cycling 20 Evasion (%) 55 Recoil Reduction 4 Offensive Hacking 42 Defensive Hacking 10 Relay Coupler Types 2 Relay Coupler Value 82 Authchip Count 7 Item Schematics ----------------- None Robot Schematics ------------------ M-13 Machinist | -10/Materials | Hacked X-57 Shotgunner | -7/Factory | Hacked H-66 Slayer | -5/Factory | Hacked I-36 Angel | -5/Factory | Hacked Fabricated ------------ M-13 Machinist | x1 | -7/Factory | Authchip X-57 Shotgunner | x2 | -7/Factory | Authchip X-57 Shotgunner | x2 | -7/Factory | Authchip X-57 Shotgunner | x2 | -7/Factory | Authchip L-41 Fighter | x3 | -6/Factory | Preloaded, Authchip B-60 Warrior | x3 | -5/Factory | Preloaded, Authchip X-57 Shotgunner | x2 | -5/Factory | Authchip M-13 Machinist | x1 | -5/Factory M-13 Machinist | x1 | -5/Factory I-36 Angel | x1 | -5/Factory Alien Tech Used ----------------- None Achievements -------------- Beloved No Signal Pwned War Machine Challenges ------------ None Game ------ Seed GammaBurstTearclaws Manual? 0 Play Time 02:06:11 Cumulative 97.3 hours Start 2024.11.01 @ 21:15:20 End 2024.11.01 @ 23:35:03 Sessions 1 Manual Loads 0 Difficulty Rogue Special Mode None Game No. 152 Rogue 151 Adventurer 1 Explorer 0 Win Type - Total 1 Types 0/0/0/1/0/0/0/0/0 Lore% 56 Gallery% 57 Achievement% 48 Wizard Run 0 Options --------- Layout 1 ASCII 0 Keyboard 0 Movement Mouse Keybinds 0 Fullscreen 2 Font 24/Terminus Map View 50x35 Zoom Use 0% Tactical HUD 1 Map Filters NONE Filters NONE Steam 1 RUN: b8266154-62e6-4970-859d-bf1765524530